 Dungeon Crawl Stone Soup version 0.29.1-15-g9cfb28693d (webtiles) character file.

Game seed: 10146175926986440894

6105 promet the Skirmisher (level 10, -4/53 HPs)
             Began as a Vine Stalker Monk on Mar 7, 2023.
             Was a Priest of Dithmenos.
             Slain by a hornet (7 damage)
             ... on level 9 of the Dungeon on Mar 8, 2023.
             The game lasted 01:44:21 (18305 turns).

promet the Skirmisher (Vine Stalker Monk)          Turns: 18305, Time: 01:44:22

Health: -4/53      AC: 10    Str: 15    XL:     10   Next: 88%
Magic:  0/15       EV: 13    Int: 14    God:    Dithmenos [***...]
Gold:   159        SH:  5    Dex: 16    Spells: 14/15 levels left

rFire   . . .      SeeInvis +   a - +3 quarterstaff (spect)
rCold   . . .      Faith    .   (shield currently unavailable)
rNeg    . . .      Spirit   +   N - +3 steam dragon scales
rPois   .          Reflect  +   P - +0 hat
rElec   .          Harm     .   y - scarf {+Inv}
rCorr   .          Rampage  .   B - +0 pair of gloves
Will    +....                   x - +0 pair of boots
Stlth   ++++......              E - amulet of reflection
HPRegen 0.97/turn               n - ring of wizardry
MPRegen 0.14/turn               R - ring of see invisible

@: lethally poisoned (-4 -> -11), slowed, wreathed by umbra, very slow
A: fangs 3, regeneration 1, magic shield, antimagic bite, no potion heal 2
a: Renounce Religion, Evoke Invisibility, Shadow Step


You were on level 9 of the Dungeon.
You worshipped Dithmenos.
Dithmenos was most pleased with you.
You visited 1 branch of the dungeon, and saw 9 of its levels.

You collected 576 gold pieces.
You spent 417 gold pieces at shops.

Inventory:

Hand Weapons
 a - a +3 spectral quarterstaff (weapon)
 b - a +1 shortbow of venom
 c - a +0 broad axe
 g - a +2 trident of venom
 i - a +1 dagger of flaming
 k - a +0 battleaxe of electrocution
 o - a +2 dagger of holy wrath
 r - a +2 mace of protection
 s - a +0 sling of venom
 w - a +2 short sword of venom
 F - a +1 vorpal mace
 I - a +2 flail of holy wrath
Missiles
 d - 107 stones (quivered)
 e - 3 atropa-tipped darts
 p - 6 poisoned darts
 C - a throwing net
 K - 3 silver boomerangs
 M - 6 curare-tipped darts
Armour
 x - a +0 pair of boots (worn)
 y - a scarf of invisibility (worn)
 B - a +0 pair of gloves (worn)
 N - +3 steam dragon scales (worn)
 P - a +0 hat (worn)
Jewellery
 n - a ring of wizardry (left hand)
 D - a ring of fire
 E - an amulet of reflection (around neck)
 L - an amulet of faith
 R - a ring of see invisible (right hand)
Scrolls
 h - a scroll of fear
 j - 3 scrolls of immolation
 m - a scroll of magic mapping
 q - 2 scrolls of noise
 u - 4 scrolls of identify
 v - 2 scrolls of teleportation
 G - a scroll of blinking
 H - 2 scrolls of poison
Potions
 f - 5 potions of curing
 l - a potion of flight
 t - a potion of attraction
 z - a potion of haste
 A - a potion of mutation
 J - a potion of cancellation
 O - 2 potions of ambrosia


   Skills:
 + Level 6.1 Fighting
 + Level 4.2(5.0) Maces & Flails
 + Level 1.1(2.5) Polearms
 + Level 3.7(4.7) Staves
 + Level 8.5 Ranged Weapons
 + Level 0.7 Throwing
 + Level 4.0 Dodging
 + Level 5.4 Stealth
 + Level 0.8 Shields
 + Level 3.2 Spellcasting
 + Level 2.3 Conjurations
 + Level 1.1 Air Magic
 + Level 4.3 Invocations
 * Level 4.3 Evocations


You had 14 spell levels left.
You knew the following spells:

 Your Spells              Type           Power      Damage    Failure   Level
a - Shock                 Conj/Air       28%        1d4       4%          1

Your spell library contained the following spells:

 Spells                   Type           Power      Damage    Failure   Level
 Necrotise                Necr           8%         1d4       9%          1
 Dazzling Flash           Conj/Hex       10%        N/A       16%         3
 Swiftness                Air            5%         N/A       16%         3
 Frozen Ramparts          Ice            4%         1d1       26%         3
 Gell's Gravitas          Tloc           2%         N/A       26%         3
 Lesser Beckoning         Tloc           2%         N/A       26%         3
 Teleport Other           Tloc           2%         N/A       26%         3
 Vampiric Draining        Necr           2%         2d6       26%         3
 Airstrike                Air            2%         2d(1-17)  45%         4
 Hailstorm                Conj/Ice       5%         3d4       45%         4
 Iskenderun's Mystic Bla  Conj/Tloc      5%         2d3       45%         4
 Cause Fear               Hex            1%         N/A       61%         4
 Ice Form                 Ice/Tmut       2%         N/A       61%         4
 Summon Ice Beast         Ice/Summ       2%         N/A       61%         4
 Agony                    Necr           2%         N/A       90%         5
 Simulacrum               Ice/Necr       1%         N/A       100%        6
 Starburst                Conj/Fire      2%         6d3       100%        6
 Dragon Form              Tmut           1%         N/A       100%        7
 Dragon's Call            Summ           1%         N/A       100%        9


Dungeon Overview and Level Annotations

Branches:
Dungeon (9/15)             Temple (0/1) D:4            Lair (0/5) D:9
    Orc: D:9-12

Altars:
Dithmenos
Elyvilon
Fedhas
Kikubaaqudgha
Okawaru
Ru
Trog
Vehumet
Xom
Zin

Shops:
D:7 *   D:9 *

Annotations:
D:6 2 transporters, croobank's ghost, amateur DgSu


Innate Abilities, Weirdness & Mutations

You have razor-sharp teeth.
Your natural rate of healing is unusually fast.
When hurt, damage is shared between your health and your magic reserves.
Your bite disrupts and absorbs the magic of your enemies.
Potions cannot restore your health.


Message History

You sock the hornet!
The hornet is moderately wounded.
The hornet barely misses you. The hornet stings you!
You feel yourself slow down.
You hit the hornet but do no damage.
The hornet is moderately wounded.
The hornet barely misses you. The hornet stings you!
You feel as though you will be slow longer.
You closely miss the hornet. Your bite misses the hornet.
The hornet is moderately wounded.
The hornet stings you!
You feel as though you will be slow longer.
The hornet barely misses you. The hornet stings you!
You feel as though you will be slow longer.
The hornet attacks as you move away! The hornet barely misses you.
The hornet stings you but does no damage.
You sock the hornet!
The hornet is heavily wounded.
Your +3 spectral quarterstaff hits the hornet.
The hornet stings you.
You are poisoned.
You suddenly lose the ability to move!
The hornet completely misses you. The hornet stings you.
You feel as though you will be slow longer.
You feel very sick. The hornet stings you.
You feel as though you will be slow longer.
You feel sick. The hornet stings you!
* * * LOW HITPOINT WARNING * * *
You feel as though you will be slow longer.
The hornet stings you!
* * * LOW HITPOINT WARNING * * *
You feel as though you will be slow longer.
You can move again.
Your system rejects the healing.
You feel better. The hornet stings you.
* * * LOW HITPOINT WARNING * * *
You are lethally poisoned!
You feel as though you will be slow longer.
The hornet stings you!
You die...

.######.#.....#...##...........##
.# #.#########.##..........[..
.######...........##...........##
.................###...........#
################.# #...........#
#.# #...........# #.#
#...........# #.####.#
#...........# #....y@#
#......[....# ########
#...........# ###'#+###.#.#
#.#.###.#.## #.#.......#.
#.#####.###. #.# #.# #. #.# #.#
## #.#####.#


You could see a hornet.

Vanquished Creatures
  Gastronok (D:9)
  Maggie (D:9)
  2 wyverns (D:9)
  5 yaks (D:9)
  A basilisk (D:9)
  An acid dragon (D:9)
  3 water moccasins
  4 orc warriors
  4 ice beasts
  A sky beast (D:4)
  A black bear (D:9)
  3 ogres
  A phantom (D:5)
  A centaur (D:9)
  A necrophage (D:5)
  5 bullfrogs
  A gnoll sergeant (D:6)
  2 scorpions
  3 killer bees
  A howler monkey (D:6)
  5 jellies
  3 hounds
  A gnoll bouda (D:7)
  5 iguanas
  11 orc priests
  5 orc wizards
  7 adders
  7 gnolls
  2 shadow imps (D:6)
  2 white imps (D:7)
  3 ufetubi
  A worm (D:2)
  5 dart slugs
  44 orcs
  5 ball pythons
  3 bats
  7 endoplasms
  2 giant cockroaches
  8 goblins
  7 hobgoblins
  6 jackals
  5 quokkas
  4 frilled lizards
  7 kobolds
  6 rats
203 creatures vanquished.

Vanquished Creatures (others)
  2 fungi (D:9)
  6 plants (D:6)
8 creatures vanquished.

Grand Total: 211 creatures vanquished

Notes
Turn   | Place    | Note
-------+----------+-------------------------------------------
     0 | D:1      | promet the Vine Stalker Monk began the quest for the Orb.
     0 | D:1      | Reached XP level 1. HP: 11/11 MP: 2/2
   342 | D:1      | Reached XP level 2. HP: 15/16 MP: 3/3
  1141 | D:1      | Reached XP level 3. HP: 15/20 MP: 4/4
  2201 | D:2      | Gained mutation: Your natural rate of healing is unusually
                  | fast. [Vine Stalker growth]
  2201 | D:2      | Reached XP level 4. HP: 23/24 MP: 5/5
  2312 | D:2      | Reached skill level 1 in Ranged Weapons
  2631 | D:2      | Found a faded altar of an unknown god.
  3233 | D:3      | Learned a level 1 spell: Shock
  3386 | D:3      | Reached skill level 2 in Ranged Weapons
  3409 | D:3      | Reached XP level 5. HP: 28/28 MP: 1/6
  4389 | D:4      | Found a shadowy altar of Dithmenos.
  4490 | D:4      | Noticed an ogre
  4683 | D:4      | Reached skill level 1 in Spellcasting
  5205 | D:4      | Became a worshipper of Dithmenos the Shadowed
  5205 | D:4      | Reached * piety under Dithmenos
  5205 | D:4      | Reached ** piety under Dithmenos
  5492 | D:4      | Killed an ogre
  5493 | D:4      | Reached skill level 1 in Conjurations
  5493 | D:4      | Reached XP level 6. HP: 32/32 MP: 10/10
  5805 | D:4      | Found a staircase to the Ecumenical Temple.
  5952 | D:4      | HP: 1/32 [goblin/+2 dagger of holy wrath (3)]
  6170 | D:4      | Reached skill level 1 in Invocations
  6350 | D:4      | Reached XP level 7. HP: 33/36 MP: 10/12
  6556 | D:4      | Reached skill level 3 in Ranged Weapons
  7447 | D:5      | Entered Level 5 of the Dungeon
  7516 | D:5      | Reached skill level 4 in Ranged Weapons
  7737 | D:5      | Gained mutation: You have razor-sharp teeth. [Vine Stalker
                  | growth]
  7737 | D:5      | Reached XP level 8. HP: 42/42 MP: 4/13
  8698 | D:5      | HP: 1/42 [ice beast (11)]
  9522 | D:5      | Reached skill level 5 in Ranged Weapons
 11068 | D:6      | Found a transporter.
 11111 | D:6      | Identified the +6 trident "Fueskepej" {elec, Dex+9}
 11111 | D:6      | Identified the +5 scale mail of the Blind Marksman {Rampage
                  | rN+ Dex-5}
 11172 | D:6      | Found a transporter.
 11172 | D:6      | Noticed croobank's ghost (amateur DgSu)
 11193 | D:6      | Reached XP level 9. HP: 46/46 MP: 12/14
 11289 | D:6      | Reached skill level 1 in Staves
 12544 | D:7      | Reached skill level 6 in Ranged Weapons
 12645 | D:7      | Found a sacrificial altar of Ru.
 12766 | D:7      | Reached skill level 1 in Evocations
 13348 | D:7      | Reached *** piety under Dithmenos
 13431 | D:7      | Found Zysiocle's Neck Hole.
 13440 | D:7      | Bought an amulet of reflection for 330 gold pieces
 13460 | D:7      | Found a bloodstained altar of Trog.
 13814 | D:7      | Found an iron altar of Okawaru.
 14099 | D:7      | Found a shimmering altar of Xom.
 14264 | D:7      | Reached skill level 5 in Fighting
 14845 | D:7      | Found a blossoming altar of Fedhas.
 15039 | D:7      | Found a glowing silver altar of Zin.
 15042 | D:7      | Found an ancient bone altar of Kikubaaqudgha.
 15486 | D:8      | Found a radiant altar of Vehumet.
 15495 | D:8      | Reached skill level 1 in Air Magic
 15593 | D:8      | Noticed a two-headed ogre
 15901 | D:7      | Reached skill level 7 in Ranged Weapons
 16520 | D:9      | Noticed Maggie
 16530 | D:9      | Killed Maggie
 16531 | D:9      | Reached XP level 10. HP: 24/51 MP: 6/15
 16923 | D:9      | Found a white marble altar of Elyvilon.
 17032 | D:9      | Reached skill level 5 in Stealth
 17409 | D:9      | Noticed Gastronok
 17451 | D:9      | Killed Gastronok
 17452 | D:9      | Reached skill level 1 in Polearms
 17452 | D:9      | Reached skill level 8 in Ranged Weapons
 17696 | D:9      | Found Coagran's Assorted Antiques.
 17831 | D:9      | Bought a scroll of teleportation for 87 gold pieces
 18236 | D:9      | Found a staircase to the Lair.
 18302 | D:9      | Paralysed by a hornet for 3 turns
 18304 | D:9      | HP: 2/53 [hornet (7)]
 18305 | D:9      | Slain by a hornet

Illustrated notes

Levels and vault maps discovered:
D:1:      minmay_arrival_shattered_statue, layout_rooms, minmay_pentomino_q4
D:2:      layout_basic, hellmonk_ecumenical_altar_leap_of_faith,
          minmay_misc_feat_diagonals
D:3:      layout_basic
D:4:      layout_layer_cave, grunt_dithmenos_smoke, minmay_temple_entry_trees,
          minmay_misc_feat_room
D:5:      layout_loops_cross, minivault_14
D:6:      layout_basic, gammafunk_ghost_gnarly_gnolls, minmay_chambers_of_fives
D:7:      layout_cave_pools, nicolae_ru_sacrificial_ziggurat,
          mainiacjoe_overflow_24_doors, kennysheep_mini,
          grunt_temple_overflow_cloverleaf, nicolae_shop_sticking_my_neck_out
D:8:      layout_loops_ring, fiery_altar_vehumet
D:9:      layout_basic, elyvilon_altar_3, david_lair_generic, serial_shops,
          nicolae_shop_advertising_works [nicolae_subvault_shop_adworks],
          uniq_gastronok, uniq_maggie

Skill      XL: |  1  2  3  4  5  6  7  8  9 10 |
---------------+-------------------------------+-----
Maces & Flails | 3 4 |  4.2
Fighting       | 3 4 5 6 |  6.1
Ranged Weapons | 2 4 5 7 8 |  8.5
Spellcasting   | 2 3 |  3.2
Conjurations   | 1 2 |  2.3
Invocations    | 1 2 4 |  4.3
Stealth        | 3 4 5 |  5.4
Dodging        | 3 4 |  4.0
Staves         | 2 3 |  3.7
Evocations     | 3 4 |  4.3
Air Magic      | 1 |  1.1
Polearms       | 1 |  1.1
Throwing       | |  0.7
Shields        | |  0.8

Action                   |  1- 3 |  4- 6 |  7- 9 | 10-12 || total
-------------------------+-------+-------+-------+-------++-------
Melee: Mace              |    58 |   113 |    72 |       ||   243
       Bite              |    10 |    25 |    46 |     5 ||    86
       Punch             |       |     1 |       |       ||     1
       Rapier            |       |     5 |       |       ||     5
       Quarterstaff      |       |       |    67 |    24 ||    91
       Trident           |       |       |     3 |       ||     3
 Fire: Sling             |    30 |    19 |       |       ||    49
       Shortbow          |       |    53 |   195 |    56 ||   304
Throw: Stone             |    20 |     5 |       |       ||    25
 Cast: Shock             |       |    10 |    37 |       ||    47
  Use: Scroll            |     2 |     7 |    13 |     3 ||    25
       Potion            |       |     7 |     1 |     3 ||    11
 Stab: Sleeping          |     3 |     1 |     2 |     1 ||     7
       Distracted        |       |     1 |     2 |     1 ||     4
Armor: Robe              |     8 |    15 |     5 |       ||    28
       Steam dragon scal |       |       |       |    13 ||    13
Dodge: Dodged            |    42 |   108 |   116 |    26 ||   292
Block: Other             |       |       |     8 |     2 ||    10
